 Dungeon Crawl Stone Soup version 0.32-a0-699-g1ee5eff69a (webtiles) character file.

Game seed: 9252863802404739907

1505730 Ruich the Demonologist (level 27, 182/232 HPs)
             Began as a Tengu Summoner on Mar 10, 2024.
             Was a High Priest of Yredelemnul.
             Escaped with the Orb
             ... and 3 runes on Mar 14, 2024!
             The game lasted 06:22:38 (88523 turns).

Ruich the Demonologist (Tengu Summoner)            Turns: 88523, Time: 06:22:38

Health: 182/232    AC: 32    Str: 16    XL:     27
Magic:  47/51      EV: 23    Int: 32    God:    Yredelemnul [*****.]
Gold:   1732       SH: 26    Dex: 18    Spells: 10/55 levels left

rFire   + . .        a - +8 quick blade (elec)
rCold   + . .        y - +5 kite shield {reflect}
rNeg    + . .        (body armour currently unavailable)
rPois   ∞            L - +2 hat {Int+3}
rElec   +            o - +2 cloak {Will+}
rCorr   +            (gloves currently unavailable)
SInv    .            (boots unavailable)
Will    ++++.        q - amulet of reflection
Stlth   ++++         D - ring of Xymivam {rF+ rC+ MP+9 Int+4}
HPRegen 0.58/turn    e - ring of the Heavens {Will+ rCorr Str+6}
MPRegen 0.32/turn

%: reflection, acrobat, clarity
@: statue-form, flying, wreathed by umbra, studying 2 skills, very slow
A: slow and powerful, torment resistance 1, flying, boosted hp, beak, talons 3,
evasive flight, acrobatic, clarity
0: Orb of Zot
}: 3/15 runes: serpentine, barnacled, silver
a: Begin Untransformation, Renounce Religion, Light the Black Torch, Recall
Undead Harvest, Hurl Torchlight, Bind Soul, Fathomless Shackles


You escaped.
You worshipped Yredelemnul.
Yredelemnul was pleased with you.
You were a living statue of rough stone.
You visited 9 branches of the dungeon, and saw 47 of its levels.
You visited 1 bazaar.
You also visited: Trove and Ice Cave.

You collected 9292 gold pieces.
You spent 7560 gold pieces at shops.


Innate Abilities, Weirdness & Mutations

You are a living statue of rough stone.
Your actions are slow, but your melee attacks are powerful.
You are resistant to unholy torment.
You are flying.
Your maximum health is greatly increased.
Your equipment is partially melded.
You are immune to poison.
You have a beak for a mouth.
You have claws for feet.
Your magical flight helps you evade attacks. (EV +4)
You can magically evade attacks while moving or waiting.
You possess an exceptional clarity of mind.


   Skills:
 - Level 20.0 Fighting
 - Level 11.2(14.0) Short Blades
 - Level 13.4(15.0) Long Blades
 - Level 4.0 Polearms
 - Level 5.8 Armour
 - Level 13.1 Dodging
 - Level 15.0 Stealth
 - Level 19.8 Shields
 - Level 14.7 Spellcasting
 + Level 25.5 Summonings
 - Level 10.0 Translocations
 - Level 5.0 Fire Magic
 - Level 5.0 Air Magic
 - Level 12.0 Invocations
 - Level 16.0 Shapeshifting


You had 10 spell levels left.
You knew the following spells:

 Your Spells              Type           Power      Damage    Failure   Level
a - Apportation           Tloc           100%       N/A       1%          1
c - Summon Cactus Giant   Summ           56%        N/A       0%          6
f - Summon Forest         Summ/Tloc      47%        N/A       1%          5
h - Summon Hydra          Summ           56%        N/A       1%          7
m - Malign Gateway        Summ/Tloc      47%        N/A       1%          7
t - Summon Horrible Thin  Summ           56%        N/A       1%          8
u - Passage of Golubria   Tloc           73%        N/A       1%          4
v - Summon Mana Viper     Hex/Summ       81%        N/A       1%          5
B - Blink                 Tloc           100%       N/A       1%          2

Your spell library contained the following spells:

 Spells                   Type           Power      Damage    Failure   Level
 Summon Small Mammal      Summ           100%       N/A       0%          1
 Call Imp                 Summ           100%       N/A       0%          2
 Call Canine Familiar     Summ           100%       N/A       0%          3
 Shock                    Conj/Air       100%       1d9       1%          1
 Cigotuvi's Dreadful Rot  Necr/Alch/Air  68%        N/A       1%          2
 Lesser Beckoning         Tloc           100%       N/A       1%          2
 Static Discharge         Conj/Air       78%        3-7/arc   1%          2
 Gell's Gravitas          Tloc           73%        N/A       1%          3
 Summon Ice Beast         Ice/Summ       81%        N/A       1%          3
 Teleport Other           Tloc           73%        N/A       1%          3
 Animate Armour           Summ/Erth      100%       N/A       1%          4
 Martyr's Knell           Necr/Summ      81%        N/A       1%          4
 Summon Blazeheart Golem  Fire/Summ      88%        N/A       1%          4
 Summon Lightning Spire   Summ/Air       88%        N/A       1%          4
 Vhi's Electric Charge    Tloc/Air       100%       N/A       1%          4
 Kiss of Death            Conj/Necr      92%        2d12      2%          1
 Magic Dart               Conj           92%        1d7       2%          1
 Necrotise                Necr           92%        1d8       2%          1
 Sandblast                Erth           46%        2d11      2%          1
 Slow                     Hex            92%        N/A       2%          1
 Sting                    Conj/Alch      92%        1d8       2%          1
 Inner Flame              Hex/Fire       39%        N/A       2%          3
 Ensorcelled Hibernation  Hex/Ice        46%        N/A       3%          2
 Jinxbite                 Hex            46%        N/A       3%          2
 Mephitic Cloud           Conj/Alch/Air  34%        N/A       3%          3
 Airstrike                Air            26%        2d(4-20)  3%          4
 Dispersal                Tloc           36%        N/A       6%          6
 Confusing Touch          Hex            23%        N/A       8%          3
 Dazzling Flash           Conj/Hex       46%        N/A       8%          3
 Frozen Ramparts          Ice            46%        1d7       8%          3
 Fugue of the Fallen      Necr           23%        N/A       8%          3
 Hailstorm                Conj/Ice       23%        3d7       8%          3
 Ozocubu's Armour         Ice            23%        N/A       8%          3
 Passwall                 Erth           23%        N/A       8%          3
 Sigil of Binding         Hex            23%        N/A       8%          3
 Stone Arrow              Conj/Erth      46%        3d9       8%          3
 Vampiric Draining        Necr           23%        2d7       8%          3
 Flame Wave               Conj/Fire      39%        2d11      9%          4
 Ignite Poison            Fire/Alch      39%        N/A       9%          4
 Sticky Flame             Fire/Alch      39%        2d8       9%          4
 Spellforged Servitor     Conj/Summ      40%        N/A       12%         7
 Anguish                  Hex/Necr       11%        N/A       26%         4
 Brom's Barrelling Bould  Conj/Erth      23%        2d4       26%         4
 Dispel Undead            Necr           23%        3d12      26%         4
 Leda's Liquefaction      Alch/Erth      11%        N/A       26%         4
 Petrify                  Alch/Erth      23%        N/A       26%         4
 Arcjolt                  Conj/Air       19%        1d29      26%         5
 Fireball                 Conj/Fire      19%        3d9       26%         5
 Silence                  Hex/Air        19%        N/A       26%         5
 Freezing Cloud           Conj/Ice/Air   17%        6-21      34%         5
 Plasma Beam              Fire/Air       26%        2x1d39    45%         6
 Alistair's Intoxication  Alch           15%        N/A       56%         5
 Curse of Agony           Necr           23%        N/A       56%         5
 Irradiate                Conj/Alch      11%        3d15      56%         5
 Iskenderun's Battlesphe  Conj           23%        2d8       56%         5
 Lee's Rapid Deconstruct  Erth           11%        3d8*      56%         5
 Metabolic Englaciation   Hex/Ice        11%        N/A       56%         5
 Conjure Ball Lightning   Conj/Air       19%        3x3d6     80%         6
 Eringya's Noxious Bog    Alch           11%        4d6       98%         6
 Permafrost Eruption      Ice/Erth       11%        2x4d4     98%         6
 Sculpt Simulacrum        Ice/Alch       11%        N/A       98%         6
 Enfeeble                 Hex            11%        N/A       100%        7
 Orb of Destruction       Conj           11%        9d6       100%        7
 Ignition                 Fire           26%        3d9       100%        8
 Lehudib's Crystal Spear  Conj/Erth      11%        10d4      100%        8
 Maxwell's Capacitive Co  Air            26%        ∞         100%        8
 Chain Lightning          Conj/Air       19%        3d26      100%        9

Inventory:

Hand Weapons
 a - a +8 quick blade of electrocution (weapon)
 b - the +5 dagger "Jureps" {speed, *Rage rElec Will+ Int+4}
   (You found it on level 4 of the Snake Pit)

   Int+4:     It affects your intelligence (+4).
   rElec:     It insulates you from electricity.
   Will+:     It increases your willpower.
   *Rage:     It berserks you when you make melee attacks (+20% chance).
 K - the +2 trident "Loluen" {speed, rN+}
   (You took it off a kobold on level 4 of the Dungeon)

   rN+:       It protects you from negative energy.
Armour
 o - a +2 cloak of willpower (worn)
 y - a +5 kite shield of reflection (worn)
 L - a +2 hat of intelligence (worn)
Magical Staves
 k - the staff of the Manifold Princes {Fly rPois rN++ Dex+2 Stlth+ Alchemy, !a}
   (You found it on level 3 of the Realm of Zot)

   [staff of alchemy]

   Base accuracy: +5 Base damage: 5 Base attack delay: 1.2 This weapon's minimum
   attack delay (0.6) is reached at skill level 12.
   Dex+2:     It affects your dexterity (+2).
   rPois:     It protects you from poison.
   rN++:      It greatly protects you from negative energy.
   Fly:       It grants you flight.
   Stlth+:    It makes you more stealthy.
   Alchemy:   It increases the power of your Alchemy spells.
   It falls into the 'Staves' category.
   It is a one-handed weapon.
Jewellery
 e - the ring of the Heavens (right fist) {Will+ rCorr Str+6}
   (You bought it in a shop on level 4 of the Dungeon)

   [ring of strength]

   Str+6:     It affects your strength (+6).
   Will+:     It increases your willpower.
   rCorr:     It protects you from acid and corrosion.
 q - an amulet of reflection (around neck)
 u - the ring of the Sharing Messenger {Wiz rCorr SInv}
   (You found it on level 14 of the Dungeon)

   [ring of wizardry]

   Wiz:       It improves your spell success rate.
   SInv:      It lets you see invisible.
   rCorr:     It protects you from acid and corrosion.
 x - a ring of protection from fire
 C - the ring "Miklawni" {*Corrode rPois rN+ Will+ Int+4}
   (You took it off a deep elf sorcerer on level 3 of the Elven Halls)

   [ring of positive energy]

   Int+4:     It affects your intelligence (+4).
   rPois:     It protects you from poison.
   rN+:       It protects you from negative energy.
   Will+:     It increases your willpower.
   *Corrode:  It may corrode you when you take damage.
 D - the ring of Xymivam (left fist) {rF+ rC+ MP+9 Int+4}
   (You found it on level 7 of the Dungeon)

   [ring of protection from fire]

   Int+4:     It affects your intelligence (+4).
   rF+:       It protects you from fire.
   rC+:       It protects you from cold.
   MP+9:      It affects your magic capacity (+9).
 G - the ring of Himnu {Fire Will+ Str+4}
   (You bought it in a shop on level 4 of the Vaults)

   [ring of fire]

   Fire:      It enhances your fire magic.
   Str+4:     It affects your strength (+4).
   rF+:       It protects you from fire.
   rC-:       It makes you vulnerable to cold.
   Will+:     It increases your willpower.
 P - a ring of positive energy
 X - the ring of Doebb {Fly rC+ AC+4}
   (You took it off a deep elf demonologist on level 3 of the Elven Halls)

   [ring of protection]

   AC+4:      It affects your AC (+4).
   rC+:       It protects you from cold.
   Fly:       It grants you flight.
Talismans
 W - a granite talisman (active)
Wands
 n - a wand of digging (5)
 p - a wand of quicksilver (15)
 A - a wand of roots (61)
 N - a wand of mindburst (57)
Scrolls
 j - 9 scrolls of vulnerability {!r!r}
 l - a scroll of revelation
 m - a scroll of fear
 B - 8 scrolls of teleportation {@r2}
 H - 17 scrolls of fog
 M - 6 scrolls of noise {!r}
 O - 4 scrolls of amnesia
 S - a scroll of enchant armour
 U - 5 scrolls of poison
 V - 7 scrolls of immolation {!r!r}
Potions
 c - 3 potions of attraction {!q}
 d - 4 potions of brilliance
 g - 5 potions of cancellation
 i - 30 potions of curing {@q1}
 r - a potion of haste {@q3}
 v - 12 potions of enlightenment
 z - 2 potions of magic
 F - 5 potions of lignification {!q}
 I - 4 potions of ambrosia
 J - 4 potions of might
 Q - 6 potions of berserk rage {!q}
 R - 2 potions of invisibility
 Z - 3 potions of mutation {!q}
Miscellaneous
 E - a lightning rod (4/4)
 T - a sack of spiders
 Y - a phantom mirror (inert)

Dungeon Overview and Level Annotations

Branches:
Dungeon (15/15)            Temple (0/1) D:5            Lair (5/5) D:9
 Shoals (4/4) Lair:3        Snake (4/4) Lair:2        Slime (0/5) Lair:5
    Orc (2/2) D:10            Elf (3/3) Orc:2        Vaults (5/5) D:13
  Crypt (0/3) Vaults:2     Depths (4/4) D:15            Zot (5/5) Depths:4
  IceCv (visited)

Altars:
Ashenzari
Dithmenos
Elyvilon
Fedhas
Gozag
Hepliaklqana
Makhleb
Sif Muna
Vehumet
Xom
Yredelemnul
Zin
The Shining One
Jiyva
Lugonu

Shops:
D:1 :[   D:4 =   D:7 *   D:15 *:=   Orc:2 !*!*   Elf:1 [   Elf:2 :   Elf:3 ([
Shoals:2 (   Shoals:4 [   Snake:1 [?(   Vaults:1 ![[(:   Vaults:2 **?=?
Vaults:4 *   Depths:4 (

Portals:
Hell: Depths:1 Depths:2 Depths:3 Depths:4
Abyss: Depths:3
Pandemonium: Depths:2
Ziggurat: Depths:2

Annotations:
Lair:4 exclusion: oklob plant
Elf:2 3 runed translucent doors
Depths:1 1 runed translucent door

##.## #.....##.# #.# ##...##
#.###>##.# #.#
#..÷..#####........# ######
##..............#### ###...###
#..###########.### ##.......#
##..# ###...######......... ....#
##.......##......ß.... ###.#
#..........##......... #.#
#....I....####.......# # #.#
#.........# ###...### # #.#
##.......## ###.####.Z ###.#
###...######...#####Z ....#
#########.......###Z ....#
#######...#............##.
....####...##......##....ß....##.
#..........#..#######.........#..
#.....##Z..#....(...##.......###.


There were no monsters in sight!


Message History

Pupysab holds its ground!
Something misses your spectral hell beast.
Something hits your spectral hell beast!
Something closely misses your spectral hell beast.
Pupysab punches your spectral hell beast but does no damage.
Your spectral hell beast bites Pupysab.
Your spectral hell beast tramples Pupysab!
Pupysab holds its ground!
Pupysab dies!
Something barely misses your spectral sun demon.
Your spectral sun demon is destroyed!
Your spectral hell beast bites the Brimstone Fiend but does no damage.
Your spectral hell beast tramples the Brimstone Fiend.
The Brimstone Fiend holds its ground!
Your extra speed is starting to run out.
You feel yourself slow down.
You see here a +0 hand axe of electrocution.
There is a stone staircase leading up here.
You start resting.
A Brimstone Fiend comes into view.
You fly upwards.
There is a stone staircase leading down here.
Aiming: Dig
Press: ? - help, Shift-Dir - straight line A rock wall.
This square is wreathed by an umbra and is covered in magical glow.
The rock shatters into small pieces.
Unknown command.
There is a staircase leading out of the dungeon here.
You have escaped!

Skill      XL: |  1  2  3  4  5  6  7  8  9 10 11 12 13 14 15 16 17 18 19 20 21 22 23 24 25 26 27 |
---------------+----------------------------------------------------------------------------------+-----
Summonings     | 5 6 7 8 10 11 13 15 16 18 19 20 21 22 23 25 | 25.5
Fire Magic     | 1 2 3 5 |  5.0
Spellcasting   | 3 4 5 6 7 8 9 11 12 13 14 | 14.7
Translocations | 1 3 4 5 6 8 9 10 | 10.0
Air Magic      | 4 5 |  5.0
Invocations    | 1 3 5 8 10 12 | 12.0
Fighting       | 2 5 7 8 10 11 13 14 15 16 18 20 | 20.0
Dodging        | 3 6 8 10 11 12 13 | 13.1
Shapeshifting  | 2 3 7 8 13 15 16 | 16.0
Shields        | 3 7 11 13 14 15 16 18 19 | 19.8
Stealth        | 5 8 15 | 15.0
Polearms       | 4 |  4.0
Short Blades   | 5 6 10 11 | 11.2
Armour         | 2 5 |  5.8
Long Blades    | 7 12 13 | 13.4

Action                     |  1- 3 |  4- 6 |  7- 9 | 10-12 | 13-15 | 16-18 | 19-21 | 22-24 | 25-27 || total
---------------------------+-------+-------+-------+-------+-------+-------+-------+-------+-------++-------
  Melee: Unarmed           |    10 |       |       |       |       |       |       |       |       ||    10
         Kick              |    15 |    15 |    28 |    37 |   139 |    56 |   226 |   293 |   481 ||  1290
         Peck              |    10 |     6 |    17 |    30 |    98 |    35 |   148 |   187 |   313 ||   844
         Short sword       |    74 |    39 |       |       |       |       |       |       |       ||   113
         Trident           |       |     2 |   132 |   144 |   356 |   162 |   227 |   241 |       ||  1264
         Spear             |       |     1 |       |       |       |       |       |       |       ||     1
         Whip              |       |       |       |       |       |     4 |       |       |       ||     4
         Dagger            |       |       |       |       |       |       |   258 |   313 |   124 ||   695
         Falchion          |       |       |       |       |       |       |       |    15 |    68 ||    83
         Quick blade       |       |       |       |       |       |       |       |       |   606 ||   606
  Throw: Dart              |       |       |       |     7 |       |       |       |       |       ||     7
   Cast: Summon Small Mamm |    17 |    23 |    13 |     8 |     4 |       |       |       |       ||    65
         Call Canine Famil |     2 |    13 |    12 |    29 |    25 |    15 |     1 |       |       ||    97
         Summon Lightning  |       |       |     6 |    35 |    51 |       |       |       |       ||    92
         Summon Blazeheart |       |       |     5 |    20 |    27 |     1 |       |       |       ||    53
         Summon Hydra      |       |       |       |       |    85 |   150 |   147 |   124 |    63 ||   569
         Summon Forest     |       |       |       |       |    38 |    39 |    65 |    63 |    57 ||   262
         Blink             |       |       |       |       |     2 |     3 |     3 |     3 |     6 ||    17
         Martyr's Knell    |       |       |       |       |       |       |     3 |       |       ||     3
         Summon Mana Viper |       |       |       |       |       |       |    53 |   127 |    89 ||   269
         Summon Cactus Gia |       |       |       |       |       |       |    68 |   129 |    97 ||   294
         Summon Horrible T |       |       |       |       |       |       |       |     3 |    19 ||    22
         Malign Gateway    |       |       |       |       |       |       |       |     5 |    61 ||    66
         Apportation       |       |       |       |       |       |       |       |       |     1 ||     1
 Invoke: Light the Black T |     2 |     3 |     4 |     3 |     8 |     5 |     9 |     7 |     5 ||    46
         Recall Undead Har |       |     1 |       |       |     3 |       |     1 |     1 |     1 ||     7
         Bind Soul         |       |       |       |     2 |     1 |       |       |       |       ||     3
         Hurl Torchlight   |       |       |       |       |     1 |       |       |       |     1 ||     2
         Fathomless Shackl |       |       |       |       |       |       |       |     1 |       ||     1
  Evoke: Wand              |       |     1 |       |       |     9 |       |       |       |    17 ||    27
         Sack of spiders   |       |       |       |       |     1 |     1 |     1 |     1 |     1 ||     5
         Lightning rod     |       |       |       |       |       |       |     1 |       |       ||     1
         Phantom mirror    |       |       |       |       |       |       |     1 |     1 |     2 ||     4
    Use: Scroll            |       |     5 |     1 |    14 |     9 |     9 |    17 |    17 |    20 ||    92
         Potion            |       |       |       |     2 |     3 |    10 |     3 |    10 |    17 ||    45
   Stab: Sleeping          |     4 |     4 |     1 |       |     1 |       |     2 |     1 |     1 ||    14
         Distracted        |     1 |     1 |       |     1 |     7 |    11 |    15 |    19 |    16 ||    71
         Petrified         |       |       |       |       |     4 |       |       |     3 |       ||     7
 Armour: Robe              |    30 |    20 |       |       |    41 |    45 |       |       |       ||   136
         Leather armour    |       |       |    68 |    83 |   227 |       |       |       |       ||   378
         Skin              |       |       |       |       |       |   210 |   512 |   534 |   749 ||  2005
  Dodge: Dodged            |    76 |    42 |   107 |   182 |   396 |   289 |   552 |   645 |   879 ||  3168
  Block: Other             |       |     1 |    21 |    45 |    66 |       |       |       |       ||   133
         Reflection        |       |       |     2 |     2 |    10 |    17 |    97 |    57 |    27 ||   212
         Buckler           |       |       |       |       |    38 |    55 |       |       |       ||    93
         Kite shield       |       |       |       |       |       |    93 |   914 |  1130 |  1276 ||  3413
         Form:             |       |       |       |       |       |     2 |       |       |       ||     2
         Statue            |       |       |       |       |       |     2 |       |       |       ||     2
         Serpent           |       |       |       |       |       |     1 |       |       |       ||     1

Levels and vault maps discovered:
D:1:      dpeg_arrival_three_same_balls, layout_loops_corners,
          ebering_ecumenical_altar_abandoned, serial_shops,
          nicolae_shop_mannequins, shop
D:2:      minmay_skewed_foursquare, layout_basic, nrook_mini_backslash,
          minmay_misc_feat_plants
D:3:      layout_loops_corners, worldfamousw_hep_ancestral_shrine
D:4:      layout_layer_cave, overflow_temple_1_default, serial_shops,
          nicolae_inconvenience_store
D:5:      layout_basic, overflow_temple_1_default,
          minmay_temple_entry_overgrown, item_on_display_b
D:6:      layout_gridville, uniq_prince_ribbit1
D:7:      layout_rooms, nicolae_alphabet_shops
D:8:      layout_rooms, grunt_temple_overflow_diamond, minmay_misc_feat_encased
D:9:      layout_cave_pools, due_lair_maze_entry_diamond,
          chequers_decorated_corner, uniq_erolcha, uniq_gastronok, uniq_pikel,
          uniq_harold
D:10:     layout_stronghold, tgw_xom, hiddenorc1_lemuel,
          nicolae_trove_entry_columns
D:11:     layout_long_grid, sword_in_stone, uniq_nergalle, uniq_psyche
D:12:     layout_small_grid, marbit_kobold_abyssish, uniq_sonja
D:13:     layout_basic, skrybe_vaults_entry_preservation, grunt_ministairs_2,
          nicolae_tso_swordbearing_angel
D:14:     layout_irregular_city
D:15:     gammafunk_depths_entry_grave, layout_basic, gammafunk_ghost_cemetery,
          serial_shops, nicolae_shop_peninsula, shop,
          nicolae_shop_tiny_waterfront, dreamdust_princess_corridor,
          zin_treasury, uniq_nessos
Lair:1:   layout_misc_corridors, basic_altar, chequers_serial_rivers_small_a,
          grunt_megastairs_1
Lair:2:   layout_small_grid, minmay_snake_entry_six_corridors,
          beast_lair_carwin_8, grunt_megastairs_2
Lair:3:   layout_roguey, minmay_shoals_entry_beasts, uniq_josephine,
          uniq_amaemon, uniq_fannar
Lair:4:   minmay_lair_oklob_tunnel, layout_small_grid, disabler_island,
          grunt_megastairs_5, lemuel_fruit_fields
Lair:5:   grunt_lair_end_beastmaster, layout_gridlike, dpeg_slime_entry_corner,
          portal_ice_cave_demonic_guard, basic_altar, gammafunk_ghost_grave,
          lemuel_fruit_tree
Shoals:1: layout_shoals, yaktaur_hedge
Shoals:2: layout_shoals, serial_shops, shop
Shoals:3: layout_shoals, nicolae_shoals_beach_house_on_fowls_legs,
          uniq_polyphemus, uniq_ilsuiw
Shoals:4: shoals_end_simple, layout_shoals, serial_shops,
          nicolae_shop_tiny_glass, uniq_bai_suzhen
Snake:1:  layout_cave_pods, grunt_megastairs_3, serial_bayou_shore_b,
          minmay_shop_star, uniq_louise
Snake:2:  kennysheep_six_static_rooms, layout_chambers
Snake:3:  layout_rooms, uniq_aizul, uniq_vashnia
Snake:4:  hellmonk_snake_rune_quicksilver_temple, layout_rooms,
          gammafunk_ghost_cemetery, nicolae_snake_springs
Orc:1:    layout_diamond_mine
Orc:2:    st_orc_ogre_mass, layout_caves, uniq_rupert
Elf:1:    elf_arrival_002, layout_loops_corners, serial_shops, shop,
          hangedman_elven_crosses_minicolossus, small_statue_intersection,
          grunt_ministairs_12, minmay_elf_necromancy, uniq_kirke
Elf:2:    nicolae_elf_blades_crystal_corner, layout_geoelf_diagonals,
          nicolae_shop_self_help
Elf:3:    elf_hall_gauntlet_wide, layout_geoelf_octagon, gammafunk_ghost_grave,
          serial_shops, bzr_entry_dummy, shop, nicolae_shop_window_shopping
Vaults:1: serial_library_hellmonk_narrow_alcove,
          nicolae_vaults_closet_pinwheel_3, vaults_room_boxed,
          nicolae_vaults_alarming, ontoclasm_vaults_gallery,
          nicolae_vaults_tetromino_Z_2, v_misc_16, ontoclasm_vaults_misaligned,
          vaults_room_grunt_arrival_ludios, dpeg_vaults_monster_row,
          nicolae_vaults_two_Ls, layout_vaults_big_room, serial_shops, shop,
          shop, shop, shop, shop, uniq_norris, uniq_donald, uniq_zenata
Vaults:2: hangedman_vaults_nodes, nicolae_vaults_wine_cellar, v_rooms_4,
          hangedman_vaults_maws, minmay_crypt_entry_simple_corners,
          nicolae_vaults_offset_grid_hallway_1, v_misc_25,
          nicolae_vaults_house_2, layout_vaults_maze, serial_shops,
          nicolae_shop_getting_attention, nicolae_shop_just_a_little_nook,
          nicolae_shop_advertising_works [nicolae_subvault_shop_adworks],
          nicolae_shop_peninsula, shop
Vaults:3: nicolae_vaults_yaktaur_gun_rack, nicolae_vaults_what_the_h,
          vaults_mumra_chevron, v_misc_15, nicolae_vaults_little_ls,
          ontoclasm_vaults_decontamination, nicolae_vaults_library_corner,
          vaults_room_stairs_pillars, vaults_room_fours, layout_vaults_omnigrid,
          uniq_nikola
Vaults:4: v_rooms_6, hangedman_vaults_locks, dpeg_vaults_waves,
          ontoclasm_vaults_pinch, grunt_vaults_twisty,
          hangedman_vaults_corner_blocks, nicolae_vaults_house_1,
          lemuel_angel_altar, ontoclasm_vaults_gateway, hangedman_vaults_maws,
          nicolae_vaults_tetromino_L_1, layout_vaults_ring, serial_shops, shop
Vaults:5
Depths:1: layout_honeycomb, hell_entry, muffindrake_ghost_dual_entry,
          bh_walls_and_bars
Depths:2: minmay_the_grid_triangle_9x9_recursive_3
          [minmay_the_grid_triangle_9x9_tough_junction,
          minmay_the_grid_triangle_9x9_subtriangle,
          minmay_the_grid_triangle_9x9_longest,
          minmay_the_grid_triangle_9x9_prize_insulated,
          minmay_the_grid_triangle_9x9_semitri,
          minmay_the_grid_triangle_9x9_descending_squares,
          minmay_the_grid_triangle_9x9_stretched_checkered,
          minmay_the_grid_triangle_9x9_shrine,
          minmay_the_grid_triangle_9x9_fully_insulated_deathbox],
          layout_cave_shapes, enter_ziggurat_d, grunt_hell_entry_dis_mu,
          pan_entry, hangedman_decor_opposing, kilobyte_rumbling_trees
Depths:3: hangedman_hanging_gardens, layout_gridlike, evilmike_ruin_ashenzari,
          minmay_room_of_horrors, hell_entry, yredelemnul_altar_generic,
          firewood_loft
Depths:4: grunt_zot_entry_bicorn, layout_gridlike, serial_shops,
          nicolae_shop_dealshenge, nrook_uturn, hell_entry, uniq_xtahua
Zot:1:    layout_cellular_growth, gammafunk_ghost_ooze, st_stairs_7, uniq_vv
Zot:2:    layout_misc_corridors, guppyfry_library_mini
Zot:3:    ebering_greatest_show_in_zot, layout_onion_interference,
          hangedman_snake_sidewinding
Zot:4:    layout_gridlike, regret_index_zot_stipple_split,
          lemuel_baited_zot_trap, uniq_grunn
Zot:5:    layout_misc_corridors, lemuel_baited_zot_trap

Notes
Turn   | Place    | Note
-------+----------+-------------------------------------------
     0 | D:1      | Ruich the Tengu Summoner began the quest for the Orb.
     0 | D:1      | Reached XP level 1. HP: 10/10 MP: 4/4
   155 | D:1      | Found Akhynient's Book Shoppe.
   155 | D:1      | Noticed a walking earthen tome
   156 | D:1      | Noticed a walking divine tome
   168 | D:1      | Reached skill level 5 in Summonings
   204 | D:1      | Reached XP level 2. HP: 15/15 MP: 3/6
   395 | D:1      | Found Xureh's Antique Armour Emporium.
   604 | D:1      | Found a faded altar of an unknown god.
   611 | D:1      | Prayed at the altar of an unknown god.
   611 | D:1      | Became a worshipper of Yredelemnul the Fallen
   611 | D:1      | Reached * piety under Yredelemnul
   636 | D:1      | Reached XP level 3. HP: 17/19 MP: 7/7
  1186 | D:2      | Identified the +7 long sword of the Boiling Point {heavy,
                  | *Rage ^Drain rN+++ Int+6}
  1308 | D:2      | Learned a level 3 spell: Call Canine Familiar
  1330 | D:2      | Reached skill level 6 in Summonings
  1451 | D:2      | Reached ** piety under Yredelemnul
  1474 | D:2      | Reached XP level 4. HP: 22/24 MP: 3/9
  1479 | D:2      | Learned a level 4 spell: Summon Blazeheart Golem
  1992 | D:3      | Found a hazy altar of Hepliaklqana.
  2323 | D:3      | Reached skill level 1 in Fire Magic
  2323 | D:3      | Reached XP level 5. HP: 28/28 MP: 7/10
  2364 | D:3      | Reached skill level 3 in Spellcasting
  2569 | D:3      | Reached skill level 2 in Fire Magic
  2913 | D:4      | Found an opulent altar of Gozag.
  2973 | D:4      | Found Ereedwie's Jewellery Emporium.
  2975 | D:4      | Noticed an ogre
  2982 | D:4      | Killed an ogre
  2983 | D:4      | Reached skill level 7 in Summonings
  2983 | D:4      | Reached XP level 6. HP: 32/32 MP: 11/11
  3073 | D:4      | Reached skill level 3 in Fire Magic
  3220 | D:4      | Noticed a nameless horror
  3228 | D:4      | Killed a nameless horror
  4249 | D:4      | Identified a scroll of acquirement
  4249 | D:4      | Acquired 1251 gold pieces
  4303 | D:4      | Identified the +2 trident "Loluen" {speed, rN+}
  4305 | D:4      | Bought the ring of the Heavens {Will+ rCorr Str+6} for 650
                  | gold pieces
  4305 | D:4      | Bought a ring of poison resistance for 240 gold pieces
  4410 | D:1      | Bought a distressingly furry leather armour for 189 gold
                  | pieces
  4410 | D:1      | Identified the +3 leather armour of Circular Logic {rN++
                  | Int+3 Slay-4} (You bought it in a shop on level 1 of the
                  | Dungeon)
  4484 | D:1      | Bought a book of Minor Magic for 176 gold pieces
  4487 | D:1      | Learned a level 2 spell: Blink
  4534 | D:1      | Bought a pair of gloves for 121 gold pieces
  4626 | D:5      | Entered Level 5 of the Dungeon
  4630 | D:5      | Gained mutation: Your magical flight helps you evade
                  | attacks. (EV +4) [Tengu growth]
  4630 | D:5      | Reached XP level 7. HP: 36/36 MP: 13/13
  4663 | D:5      | Reached skill level 4 in Fire Magic
  4725 | D:5      | Found a broken altar of Ashenzari.
  4775 | D:5      | Reached skill level 8 in Summonings
  4775 | D:5      | Reached skill level 1 in Translocations
  4879 | D:5      | Found a staircase to the Ecumenical Temple.
  5079 | D:5      | Reached *** piety under Yredelemnul
  5371 | D:6      | Reached skill level 4 in Spellcasting
  5376 | D:6      | Reached skill level 5 in Fire Magic
  5376 | D:6      | Reached XP level 8. HP: 41/41 MP: 13/15
  5411 | D:6      | Noticed Prince Ribbit
  5440 | D:6      | Killed Prince Ribbit
  5441 | D:6      | Reached skill level 9 in Summonings
  5441 | D:6      | Reached skill level 2 in Translocations
  5751 | D:6      | Reached skill level 10 in Summonings
  5902 | D:6      | Reached skill level 5 in Spellcasting
  6184 | D:6      | Learned a level 4 spell: Summon Lightning Spire
  6302 | D:7      | Reached skill level 3 in Translocations
  6302 | D:7      | Reached XP level 9. HP: 45/45 MP: 17/17
  6303 | D:7      | Reached **** piety under Yredelemnul
  6321 | D:7      | Reached skill level 1 in Air Magic
  6329 | D:7      | Reached skill level 2 in Air Magic
  6426 | D:7      | Found Foaqaorgh's Fabulous Fripperies.
  6623 | D:7      | Identified the ring of Xymivam {rF+ rC+ MP+9 Int+4}
  6732 | D:7      | Reached skill level 11 in Summonings
  7179 | D:8      | Reached skill level 3 in Air Magic
  7205 | D:8      | Reached ***** piety under Yredelemnul
  7375 | D:8      | Reached skill level 4 in Translocations
  7375 | D:8      | Reached skill level 4 in Air Magic
  7459 | D:8      | Found a radiant altar of Vehumet.
  7462 | D:8      | Found a shadowy altar of Dithmenos.
  7467 | D:8      | Found a burning altar of Makhleb.
  7693 | D:9      | Noticed Harold
  7693 | D:9      | Noticed a two-headed ogre
  7749 | D:9      | Reached skill level 6 in Spellcasting
  7764 | D:9      | Reached skill level 1 in Invocations
  7764 | D:9      | Reached XP level 10. HP: 49/50 MP: 20/20
  7769 | D:9      | Found a staircase to the Lair.
  7788 | D:9      | Reached skill level 12 in Summonings
  7799 | D:9      | Killed a two-headed ogre
  7800 | D:9      | Reached skill level 5 in Air Magic
  7811 | D:9      | Reached skill level 2 in Invocations
  7871 | D:9      | Noticed a kobold demonologist
  8258 | D:9      | Killed a kobold demonologist
  8280 | D:9      | Noticed Gastronok
  8295 | D:9      | Killed Gastronok
  8296 | D:9      | Reached skill level 7 in Spellcasting
  8296 | D:9      | Reached skill level 13 in Summonings
  8296 | D:9      | Reached skill level 5 in Translocations
  8296 | D:9      | Reached skill level 3 in Invocations
  8406 | D:9      | Killed Harold
  8407 | D:9      | Reached XP level 11. HP: 52/54 MP: 20/23
  8624 | D:9      | Noticed Pikel
  8632 | D:9      | Killed Pikel
  8672 | D:9      | Reached skill level 4 in Invocations
  8817 | D:9      | Noticed Erolcha
  8833 | D:9      | Your ally Pikel died
  8834 | D:9      | Your ally Gastronok died
  8837 | D:9      | Killed Erolcha
  8955 | D:10     | Entered Level 10 of the Dungeon
  8955 | D:10     | Noticed a two-headed ogre
  8963 | D:10     | Killed a two-headed ogre
  8963 | D:10     | Bound a two-headed ogre
  8993 | D:10     | Reached skill level 14 in Summonings
  9381 | D:10     | Found a portal to a secret trove of treasure.
  9629 | D:10     | Found a staircase to the Orcish Mines.
  9874 | D:10     | Found a shimmering altar of Xom.
  9896 | D:10     | Reached skill level 8 in Spellcasting
 10356 | Lair:1   | Entered Level 1 of the Lair of Beasts
 10377 | Lair:1   | Noticed a death yak
 10380 | Lair:1   | Noticed a death yak
 10384 | Lair:1   | Noticed a death yak
 10408 | Lair:1   | Killed a death yak
 10409 | Lair:1   | Reached skill level 1 in Fighting
 10409 | Lair:1   | Reached skill level 5 in Invocations
 10412 | Lair:1   | Killed a death yak
 10413 | Lair:1   | Reached skill level 3 in Dodging
 10413 | Lair:1   | Reached skill level 15 in Summonings
 10414 | Lair:1   | Killed a death yak
 10415 | Lair:1   | Reached skill level 2 in Fighting
 10492 | Lair:1   | Noticed a catoblepas
 10503 | Lair:1   | Killed a catoblepas
 10504 | Lair:1   | Reached XP level 12. HP: 64/64 MP: 25/25
 10510 | Lair:1   | Reached skill level 4 in Dodging
 10514 | Lair:1   | Reached skill level 3 in Fighting
 10621 | Lair:1   | Reached skill level 6 in Invocations
 10914 | Lair:1   | Found the +6 shillelagh "Devastator" {shatter}
 11120 | Lair:1   | Found a shimmering altar of Xom.
 11378 | Lair:2   | Noticed a seven-headed hydra
 11397 | Lair:2   | Killed a seven-headed hydra
 11397 | Lair:2   | Bound a seven-headed hydra
 11402 | Lair:2   | Reached skill level 5 in Dodging
 11495 | Lair:2   | Reached skill level 4 in Fighting
 11502 | Lair:2   | Reached skill level 7 in Invocations
 11747 | Lair:2   | Reached skill level 16 in Summonings
 11761 | Lair:2   | Reached skill level 6 in Dodging
 11779 | Lair:2   | Reached skill level 5 in Fighting
 11783 | Lair:2   | Reached skill level 8 in Invocations
 12123 | Lair:2   | Found a staircase to the Snake Pit.
 12135 | Lair:2   | Reached ****** piety under Yredelemnul
 12139 | Lair:2   | Reached XP level 13. HP: 72/72 MP: 24/26
 13134 | Lair:3   | Found a staircase to the Shoals.
 13146 | Lair:3   | Noticed Josephine
 13157 | Lair:3   | Killed Josephine
 13158 | Lair:3   | Reached skill level 7 in Dodging
 13161 | Lair:3   | Reached skill level 9 in Invocations
 13171 | Lair:3   | Reached skill level 6 in Fighting
 13283 | Lair:3   | Noticed Fannar
 13305 | Lair:3   | Your ally Josephine died
 13323 | Lair:3   | Killed Fannar
 13323 | Lair:3   | Bound Fannar
 13805 | Lair:3   | Reached skill level 1 in Shapeshifting
 13805 | Lair:3   | Noticed Amaemon
 13823 | Lair:3   | Killed Amaemon
 14758 | Lair:4   | Reached skill level 2 in Shapeshifting
 15423 | Lair:5   | Entered Level 5 of the Lair of Beasts
 15438 | Lair:5   | Found a frozen archway.
 15530 | Lair:5   | Reached skill level 10 in Invocations
 15548 | Lair:5   | Reached skill level 8 in Dodging
 15568 | Lair:5   | Reached skill level 7 in Fighting
 15596 | Lair:5   | Reached XP level 14. HP: 48/82 MP: 26/27
 15602 | Lair:5   | Reached skill level 3 in Shapeshifting
 15693 | IceCv    | Entered an ice cave
 17445 | D:7      | Bought a Fen Folio for 630 gold pieces
 17452 | D:7      | Learned a level 5 spell: Summon Forest
 17460 | D:7      | Learned a level 7 spell: Summon Hydra
 17709 | Lair:5   | Found a runed translucent door.
 17710 | Lair:5   | Noticed Gryn's ghost (journeyman KoEn)
 17807 | Lair:5   | Found a broken altar of Ashenzari.
 17828 | Lair:5   | Reached skill level 11 in Invocations
 17952 | Lair:5   | Found a viscous altar of Jiyva.
 17952 | Lair:5   | Found a staircase to the Slime Pits.
 18224 | Lair:5   | Killed Gryn's ghost
 18225 | Lair:5   | Reached skill level 9 in Dodging
 18334 | Lair:5   | Your ally Fannar died
 18546 | Lair:5   | Reached skill level 8 in Fighting
 19229 | D:11     | Noticed Urug
 19257 | D:11     | Killed Urug
 19460 | D:11     | Noticed Joseph
 19463 | D:11     | Your ally Urug died
 19473 | D:11     | Killed Joseph
 19761 | D:11     | Noticed Psyche
 19767 | D:11     | Killed Psyche
 20011 | D:11     | Noticed Nergalle
 20021 | D:11     | Killed Nergalle
 20260 | D:11     | Reached skill level 12 in Invocations
 21212 | D:12     | Reached skill level 10 in Dodging
 21645 | D:12     | Noticed Sonja
 21664 | D:12     | Killed Sonja
 21893 | D:12     | Reached XP level 15. HP: 73/89 MP: 22/28
 22273 | D:12     | Reached skill level 17 in Summonings
 22273 | D:12     | Reached skill level 4 in Shapeshifting
 22620 | D:12     | Found a corrupted altar of Lugonu.
 22807 | Orc:1    | Entered Level 1 of the Orcish Mines
 22896 | Orc:2    | Entered Level 2 of the Orcish Mines
 22896 | Orc:2    | Found a staircase to the Elven Halls.
 22897 | Orc:2    | Noticed Rupert
 22903 | Orc:2    | Killed Rupert
 22907 | Orc:2    | Reached skill level 1 in Shields
 23029 | Orc:2    | Your ally Rupert died
 23054 | Orc:2    | Reached skill level 5 in Shapeshifting
 23058 | Orc:2    | Reached skill level 2 in Shields
 23275 | Orc:2    | Upgraded the game from 0.32-a0-673-g3729bd50f8 to
                  | 0.32-a0-685-g93135e86f0
 23311 | Orc:2    | Reached skill level 6 in Translocations
 23543 | Orc:2    | Found Lun Huf's Distillery.
 23543 | Orc:2    | Found Sumne's Assorted Antiques.
 23544 | Orc:2    | Found Niphafux's Distillery.
 23544 | Orc:2    | Found Nipoluef's Assorted Antiques.
 24019 | Orc:1    | Reached skill level 3 in Shields
 24019 | Orc:1    | Reached skill level 9 in Spellcasting
 25332 | Snake:1  | Entered Level 1 of the Snake Pit
 25342 | Snake:1  | Reached skill level 18 in Summonings
 25342 | Snake:1  | Reached skill level 6 in Shapeshifting
 25360 | Snake:1  | Identified a potion of experience
 25362 | Snake:1  | Reached skill level 7 in Shapeshifting
 25362 | Snake:1  | Reached XP level 16. HP: 88/95 MP: 19/30
 25480 | Snake:1  | Reached skill level 8 in Shapeshifting
 25599 | Snake:1  | Identified the +0 whip "Abeobusk" {flame, rElec rN+ rCorr}
 26023 | Snake:1  | Reached XP level 17. HP: 99/99 MP: 23/31
 26064 | Snake:1  | Noticed Louise
 26066 | Snake:1  | Reached skill level 9 in Shapeshifting
 26077 | Snake:1  | Killed Louise
 26184 | Snake:1  | Identified the blade talisman of the Stopping Gods {rN++
                  | Str-5 Stlth+}
 26391 | Snake:1  | Found Onihoddo's Antique Weapon Shoppe.
 26393 | Snake:1  | Found Qimannoix's Magic Scroll Emporium.
 26395 | Snake:1  | Found Emmuas's Armour Shoppe.
 26401 | Snake:1  | Bought a scroll of blinking for 120 gold pieces
 26401 | Snake:1  | Bought a scroll of revelation for 120 gold pieces
 26401 | Snake:1  | Bought a scroll of identify for 32 gold pieces
 26401 | Snake:1  | Bought a scroll of identify for 32 gold pieces
 26401 | Snake:1  | Bought a scroll of identify for 32 gold pieces
 26403 | Snake:1  | Identified a potion of resistance
 27007 | Snake:2  | Reached skill level 10 in Shapeshifting
 27933 | Snake:2  | Reached skill level 11 in Shapeshifting
 29273 | Snake:3  | Identified the serpent talisman of Grand Joy {Slay+3}
 29273 | Snake:3  | Noticed Aizul
 29285 | Snake:3  | Killed Aizul
 29460 | Snake:3  | Reached skill level 12 in Shapeshifting
 29491 | Snake:3  | Noticed Vashnia
 29583 | Snake:3  | Your ally Aizul died
 29632 | Snake:3  | Reached skill level 13 in Shapeshifting
 29690 | Snake:3  | Killed Vashnia
 30178 | Snake:4  | Entered Level 4 of the Snake Pit
 30193 | Snake:4  | Reached XP level 18. HP: 100/104 MP: 20/32
 30385 | Snake:4  | Reached skill level 14 in Shapeshifting
 30409 | Snake:4  | Found a runed translucent gate.
 30409 | Snake:4  | Found a runed translucent gate.
 30409 | Snake:4  | Found a runed translucent gate.
 30409 | Snake:4  | Noticed occam's ghost (adept CoGl)
 30409 | Snake:4  | Noticed jestert79's ghost (adept CoAr)
 30409 | Snake:4  | Noticed BubbleThief's ghost (adept BaIE)
 30436 | Snake:4  | Killed occam's ghost
 30454 | Snake:4  | Killed jestert79's ghost
 30477 | Snake:4  | Killed BubbleThief's ghost
 30592 | Snake:4  | Identified the +5 scale mail of Gestures {rN+ Dex+3}
 31511 | Snake:4  | Noticed a quicksilver dragon
 31531 | Snake:4  | Reached skill level 4 in Shields
 31799 | Snake:4  | Killed a quicksilver dragon
 31991 | Snake:4  | Reached skill level 15 in Shapeshifting
 32492 | Snake:4  | Identified the +5 dagger "Jureps" {speed, *Rage rElec Will+
                  | Int+4}
 32550 | Snake:4  | Got a serpentine rune of Zot
 32559 | Snake:4  | Learned a level 4 spell: Martyr's Knell
 32559 | Snake:4  | Upgraded the game from 0.32-a0-685-g93135e86f0 to
                  | 0.32-a0-699-g1ee5eff69a
 32559 | Snake:4  | magus.rc [v1.11.7]
 32784 | Shoals:1 | Entered Level 1 of the Shoals
 32790 | Shoals:1 | Reached skill level 5 in Shields
 33043 | Shoals:1 | Reached skill level 6 in Shields
 33685 | Shoals:2 | Found Nietirof's Antique Weapon Emporium.
 33695 | Shoals:2 | Reached skill level 7 in Shields
 34302 | Shoals:2 | Reached XP level 19. HP: 108/108 MP: 33/33
 34760 | Shoals:3 | Noticed Ilsuiw
 34773 | Shoals:3 | Killed Ilsuiw
 34774 | Shoals:3 | Reached skill level 8 in Shields
 34949 | Shoals:3 | Noticed Polyphemus
 34955 | Shoals:3 | Killed Polyphemus
 35017 | Shoals:3 | Reached skill level 16 in Shapeshifting
 35158 | Shoals:3 | Reached skill level 9 in Shields
 35224 | Shoals:3 | You add the spells Vhi's Electric Charge, Arcjolt and
                  | Maxwell's Capacitive Coupling to your library.
 35320 | Shoals:3 | Reached skill level 10 in Shields
 35603 | Shoals:3 | Reached skill level 9 in Fighting
 35778 | Shoals:4 | Entered Level 4 of the Shoals
 35800 | Shoals:4 | Found Telau's Armour Shop.
 35976 | Shoals:4 | Noticed Bai Suzhen
 35990 | Shoals:4 | Killed Bai Suzhen
 35991 | Shoals:4 | Reached skill level 3 in Stealth
 36181 | Shoals:4 | Identified the +12 sling of Precise Incision {drain, rF+
                  | Str+3 SInv}
 36198 | Shoals:4 | Identified the +5 rapier "Glorpo" {antimagic, ^Contam rElec
                  | rCorr Int+2}
 36327 | Shoals:4 | You add the spell Passage of Golubria to your library.
 36392 | Shoals:4 | Reached skill level 4 in Stealth
 36393 | Shoals:4 | Your ally Bai Suzhen died
 36408 | Shoals:4 | Got a barnacled rune of Zot
 37003 | Shoals:4 | magus.rc [v1.11.7]
 37247 | D:13     | Found a gate to the Vaults.
 37257 | D:13     | Reached skill level 5 in Stealth
 37258 | D:13     | Reached skill level 10 in Fighting
 37262 | D:13     | Reached skill level 11 in Shields
 37888 | D:13     | Found a glowing golden altar of the Shining One.
 38542 | D:14     | Identified the ring of the Sharing Messenger {Wiz rCorr
                  | SInv}
 38629 | D:14     | Identified the +1 war axe "Reish" {antimagic, +Blink Int-4
                  | Dex+4}
 39125 | D:15     | Entered Level 15 of the Dungeon
 39199 | D:15     | Found a runed translucent gate.
 39199 | D:15     | Found a runed translucent gate.
 39199 | D:15     | Found a runed translucent gate.
 39219 | D:15     | Noticed Vaxeq's ghost (journeyman DrSh)
 39219 | D:15     | Noticed Sareon's ghost (journeyman DgCj)
 39243 | D:15     | Found Maolof's Assorted Antiques.
 39332 | D:15     | Found a staircase to the Depths.
 39535 | D:15     | Found Byc Yrgh's Book Shoppe.
 39542 | D:15     | Bought the Catalogue of Generation for 460 gold pieces
 39549 | D:15     | Learned a level 6 spell: Summon Cactus Giant
 39557 | D:15     | Learned a level 5 spell: Summon Mana Viper
 39591 | D:15     | Found Uhaxziej's Jewellery Shoppe.
 39711 | D:15     | Noticed Nessos
 39722 | D:15     | Killed Nessos
 39723 | D:15     | Reached XP level 20. HP: 117/117 MP: 27/34
 39879 | D:15     | Found a glowing silver altar of Zin.
 40040 | D:15     | Killed Vaxeq's ghost
 40051 | D:15     | Killed Sareon's ghost
 40052 | D:15     | Reached skill level 12 in Shields
 40064 | D:15     | Identified the +0 pair of boots of Trumpets {Str+8}
 40283 | Vaults:1 | Entered Level 1 of the Vaults
 40305 | Vaults:1 | Found Cewkal's Armour Shop.
 40305 | Vaults:1 | Found Seqeaxzu's Antique Armour Emporium.
 40305 | Vaults:1 | Noticed Donald
 40307 | Vaults:1 | Noticed Norris
 40312 | Vaults:1 | Killed Donald
 40321 | Vaults:1 | Reached skill level 7 in Translocations
 40323 | Vaults:1 | Killed Norris
 40325 | Vaults:1 | Found Fogod's Weapon Emporium.
 40389 | Vaults:1 | Learned a level 8 spell: Summon Horrible Things
 40436 | Vaults:1 | Found Vutih's Distillery.
 40437 | Vaults:1 | Found Qenusues's Book Shop.
 40587 | Vaults:1 | Reached skill level 10 in Spellcasting
 40591 | Vaults:1 | Noticed a dread lich
 40599 | Vaults:1 | Killed a dread lich
 40787 | Vaults:1 | Acquired 636 gold pieces
 40898 | Vaults:1 | Noticed Zenata
 40910 | Vaults:1 | Killed Zenata
 41831 | Vaults:1 | Found a shimmering blue altar of Sif Muna.
 42148 | Vaults:2 | Reached skill level 19 in Summonings
 42161 | Vaults:2 | Reached skill level 8 in Translocations
 42395 | Vaults:2 | Found Pelonwom's Magic Scroll Shop.
 42438 | Vaults:2 | Reached skill level 13 in Shields
 42475 | Vaults:2 | Found Dini's Jewellery Shoppe.
 42591 | Vaults:2 | Found Seudyggi's Magic Scroll Shop.
 42758 | Vaults:2 | Reached skill level 11 in Spellcasting
 42759 | Vaults:2 | Reached XP level 21. HP: 109/122 MP: 14/37
 42842 | Vaults:2 | Found Irphul's General Store.
 42848 | Vaults:2 | Bought a potion of invisibility for 128 gold pieces
 42888 | Vaults:2 | Found Ytixiohu's General Store.
 42896 | Vaults:2 | Bought a scroll of blinking for 142 gold pieces
 42896 | Vaults:2 | Bought a potion of heal wounds for 95 gold pieces
 42896 | Vaults:2 | Bought a potion of enlightenment for 95 gold pieces
 43183 | Vaults:2 | Found a staircase to the Crypt.
 43488 | D:10     | You paid a toll of 4 potions of resistance to enter a
                  | treasure trove
 43489 | Trove    | Entered a treasure trove
 43505 | Trove    | Got the Vellum of Charged Superposition
 43530 | Trove    | Identified the amulet of Wirghutiu {Acrobat -Tele Harm rC-
                  | Int+6}
 43748 | D:7      | Bought a scroll of fear for 60 gold pieces
 43748 | D:7      | Bought a scroll of fog for 60 gold pieces
 43874 | Orc:2    | Bought a potion of haste for 160 gold pieces
 43874 | Orc:2    | Bought a potion of enlightenment for 80 gold pieces
 43874 | Orc:2    | Bought a potion of cancellation for 128 gold pieces
 43876 | Orc:2    | Bought a potion of ambrosia for 104 gold pieces
 43878 | Orc:2    | Bought a potion of heal wounds for 165 gold pieces
 44035 | Vaults:1 | Bought a potion of cancellation for 144 gold pieces
 44140 | Vaults:2 | Learned a level 7 spell: Malign Gateway
 44482 | Vaults:3 | Noticed Nikola
 44499 | Vaults:3 | Killed Nikola
 44853 | Vaults:3 | Your ally Nikola died
 44857 | Vaults:3 | Reached skill level 9 in Translocations
 45552 | Vaults:3 | Reached skill level 20 in Summonings
 46974 | Vaults:4 | Reached skill level 14 in Shields
 47405 | Vaults:4 | Reached skill level 11 in Fighting
 47669 | Vaults:4 | Found Xapsi's Assorted Antiques.
 47703 | Vaults:4 | Bought a fine marble ring for 210 gold pieces
 47703 | Vaults:4 | Identified the ring of Himnu {Fire Will+ Str+4} (You bought
                  | it in a shop on level 4 of the Vaults)
 47706 | Vaults:4 | Identified the +0 leather armour of Free Expression {rF+
                  | Dex+6}
 47875 | Vaults:4 | Found a white marble altar of Elyvilon.
 48397 | Vaults:4 | Identified the staff of Accord {^Contam rElec rPois Dex-4
                  | Tloc Alchemy}
 48719 | Depths:1 | Entered Level 1 of the Depths
 48744 | Depths:1 | Noticed CBP's ghost (journeyman CoGl)
 48745 | Depths:1 | Noticed an ancient lich
 48781 | Depths:1 | Reached skill level 12 in Spellcasting
 48968 | Depths:1 | Found a gateway to Hell.
 49736 | Depths:1 | Found a runed translucent door.
 49742 | Depths:1 | Found a runed translucent door.
 49749 | Depths:1 | Reached XP level 22. HP: 130/130 MP: 39/39
 50486 | Depths:1 | Reached skill level 10 in Translocations
 50517 | Depths:1 | Killed an ancient lich
 50528 | Depths:1 | Killed CBP's ghost
 50566 | Depths:1 | Identified the amulet "Ulloic" {Acrobat rElec rN+}
 50707 | Depths:2 | Found a one-way gateway to a ziggurat.
 50850 | Depths:2 | Reached skill level 12 in Fighting
 50951 | Depths:2 | Found a runed translucent door.
 50951 | Depths:2 | Found a runed translucent door.
 50951 | Depths:2 | Noticed a golden dragon
 50952 | Depths:2 | Found a runed translucent door.
 50978 | Depths:2 | Noticed a caustic shrike
 50983 | Depths:2 | Killed a caustic shrike
 51325 | Depths:2 | Found a blossoming altar of Fedhas.
 51385 | Depths:2 | Found a one-way gate leading to the halls of Pandemonium.
 51490 | Depths:2 | Reached skill level 15 in Shields
 51664 | Depths:2 | Killed a golden dragon
 51674 | Depths:2 | Reached skill level 21 in Summonings
 52346 | Depths:2 | Found a runed translucent door.
 52369 | Depths:2 | Found a runed translucent door.
 52371 | Depths:2 | Found a runed translucent door.
 52419 | Depths:2 | Reached skill level 13 in Spellcasting
 53308 | Depths:2 | Noticed a golden dragon
 53346 | Depths:2 | Killed a golden dragon
 53365 | Depths:2 | Paralysed by a vampire knight for 5 turns
 53809 | Depths:2 | Identified the +8 ring mail of Qazlal's Condemnation
                  | {Dex+4}
 53819 | Depths:2 | Identified the +3 leather armour "Jethrin" {rElec Int+3}
 53991 | Depths:3 | Found a broken altar of Ashenzari.
 54070 | Depths:3 | Found a basalt altar of Yredelemnul.
 54136 | Depths:3 | Reached skill level 11 in Dodging
 54285 | Depths:3 | Reached skill level 13 in Fighting
 54315 | Depths:3 | Reached XP level 23. HP: 140/140 MP: 26/41
 54335 | Depths:3 | Reached skill level 1 in Polearms
 54631 | Depths:3 | Reached skill level 2 in Polearms
 54963 | Depths:3 | Reached skill level 3 in Polearms
 55345 | Depths:3 | Noticed a caustic shrike
 55352 | Depths:3 | Killed a caustic shrike
 55628 | Depths:3 | Found a one-way gate to the infinite horrors of the Abyss.
 55737 | Depths:3 | Reached skill level 4 in Polearms
 57120 | Depths:4 | Entered Level 4 of the Depths
 57122 | Depths:4 | Noticed Xtahua
 57130 | Depths:4 | Reached skill level 1 in Short Blades
 57131 | Depths:4 | Killed Xtahua
 57211 | Depths:4 | Reached skill level 2 in Short Blades
 57767 | Depths:4 | Reached skill level 3 in Short Blades
 57769 | Depths:4 | Noticed a golden dragon
 57799 | Depths:4 | Reached skill level 12 in Dodging
 57803 | Depths:4 | Killed a golden dragon
 57968 | Depths:4 | Found Qonopnoy's Antique Weapon Emporium.
 58028 | Depths:4 | Reached skill level 22 in Summonings
 58138 | Depths:4 | Reached skill level 4 in Short Blades
 58212 | Depths:4 | Found a gate to the Realm of Zot.
 58300 | Depths:4 | Reached skill level 14 in Spellcasting
 59326 | Elf:1    | Entered Level 1 of the Elven Halls
 59328 | Elf:1    | Paralysed by an air elemental for 1 turns
 59332 | Elf:1    | Reached skill level 14 in Fighting
 59333 | Elf:1    | Reached skill level 1 in Armour
 59495 | Elf:1    | Reached skill level 5 in Short Blades
 59501 | Elf:1    | Reached skill level 2 in Armour
 59636 | Elf:1    | Reached XP level 24. HP: 148/148 MP: 13/42
 59640 | Elf:1    | Reached skill level 3 in Armour
 59997 | Elf:1    | Found Qovum's Armour Emporium.
 60175 | Elf:1    | Reached skill level 4 in Armour
 60181 | Elf:1    | Noticed Kirke
 60197 | Elf:1    | Killed Kirke
 60798 | Elf:1    | Reached skill level 6 in Short Blades
 61494 | Elf:2    | Paralysed by an air elemental for 1 turns
 61498 | Elf:2    | Reached skill level 5 in Armour
 61551 | Elf:2    | Reached skill level 13 in Dodging
 61878 | Elf:2    | Found Edgho's Self-Improvement Boutique.
 62066 | Elf:2    | Found a runed translucent gate.
 62067 | Elf:2    | Found a runed translucent gate.
 62067 | Elf:2    | Found a runed translucent gate.
 62376 | Elf:3    | Entered Level 3 of the Elven Halls
 62420 | Elf:3    | Found Ukil's Antique Weapon Shop.
 62498 | Elf:3    | Found a flickering gateway to a bazaar.
 62502 | Elf:3    | Found Ipix's Armour Shoppe.
 62516 | Bazaar   | Entered a bazaar
 62524 | Bazaar   | Found Tafata's Book Shop.
 62548 | Bazaar   | Found Beuwim's Antique Armour Shop.
 63042 | Elf:3    | Paralysed by an air elemental for 1 turns
 63046 | Elf:3    | Paralysed by an air elemental for 1 turns
 63278 | Vaults:1 | Bought the +8 falchion "Toostrar" {antimagic, +Blink rN+
                  | SInv} for 999 gold pieces
 63512 | Elf:3    | Found a runed translucent door.
 63514 | Elf:3    | Noticed ShinQuickMan's ghost (adept DECj)
 63787 | Elf:3    | Reached skill level 1 in Long Blades
 63839 | Elf:3    | Identified the ring of Doebb {Fly rC+ AC+4}
 63851 | Elf:3    | Reached skill level 2 in Long Blades
 63902 | Elf:3    | Reached skill level 3 in Long Blades
 64138 | Elf:3    | Found the ring of the Octopus King {rCorr HP+2 AC+2 EV+2
                  | SH+2}
 64155 | Elf:3    | Identified the ring "Miklawni" {*Corrode rPois rN+ Will+
                  | Int+4}
 64163 | Elf:3    | Identified the ring "Yxuivuov" {Int+2 Slay+4}
 64169 | Elf:3    | Identified the +6 glaive of Gozag's Whim {antimagic, Int+2}
 64171 | Elf:3    | Reached skill level 4 in Long Blades
 64222 | Elf:3    | Identified the +5 chain mail of Kadduem {Int+4}
 64222 | Elf:3    | Identified the amulet "Wytokk" {Faith rCorr Dex+3}
 64359 | Elf:3    | Identified the +2 leather armour of the Swamp {rN+}
 64630 | Elf:3    | Got Wouruud's Atlas of the Feculent Jinx
 64969 | Elf:3    | Killed ShinQuickMan's ghost
 65395 | Vaults:4 | Valrug: how come beem watches u but not me haha
 65395 | Vaults:4 | Ruich: type !subscribe
 65395 | Vaults:4 | Valrug: ahh
 65395 | Vaults:4 | Ruich: and hell follow you
 65395 | Vaults:4 | Valrug: and why are your potions all different looking
 65395 | Vaults:4 | Ruich: then you can do stuff like
 65395 | Vaults:4 | Valrug: macros?
 65395 | Vaults:4 | Ruich: ??vaults
 65395 | Vaults:4 | beem: vaults[1/2]: Accessed from the main dungeon somewhere
                  | between levels 13 and 14. Five levels deep. A large group
                  | of guards await on the bottom floor (see {vaults:5}), where
                  | you can find several item vaults and a silver rune. There
                  | are also ordinary {vault}s. You cannot leave without at
                  | least 1 rune.
 65395 | Vaults:4 | Valrug: oh neat
 65395 | Vaults:4 | Ruich: ??Mara
 65395 | Vaults:4 | beem: mara[1/5]: Lord of Illusions! Mara creates two
                  | identical (stats, spells, weapon, armour) clones of
                  | himself, summons a hostile illusion (based on you), casts
                  | bolt of fire, blinks, and casts {Mislead} in 0.13 and
                  | older.
 65395 | Vaults:4 | Ruich: !lg ruich win
 65395 | Vaults:4 | beem: 33. Ruich the Ex Machina (L27 CoBe of Trog), escaped
                  | with the Orb and 3 runes on 2024-03-10 05:32:29, with
                  | 1390485 points after 103944 turns and 4:36:48.
 65395 | Vaults:4 | Valrug: awesome, queries too
 65395 | Vaults:4 | Ruich: idk the format for the sequel queries
 65395 | Vaults:4 | Ruich: you can look up recent games and stuff somehow
 65398 | Vaults:4 | Valrug: fog is good for escape then
 65398 | Vaults:4 | Valrug: blocks ranged?
 65400 | Vaults:4 | Ruich: it just blocks sight so stuff cant target you
 65400 | Vaults:4 | Ruich: also if yo uhave stealth some stuff will lost track
                  | of you
 65400 | Vaults:4 | Valrug: oh ok
 65401 | Vaults:5 | Entered Level 5 of the Vaults
 65402 | Vaults:5 | Valrug: here we gooooooooo
 65408 | Vaults:5 | Reached skill level 5 in Long Blades
 65450 | Vaults:5 | Reached skill level 6 in Long Blades
 65474 | Vaults:5 | Reached skill level 15 in Fighting
 65476 | Vaults:5 | Reached skill level 16 in Shields
 65505 | Vaults:5 | Ruich: kind scared of this trap lol
 65534 | Vaults:5 | Reached skill level 7 in Long Blades
 66356 | Vaults:5 | Reached XP level 25. HP: 155/155 MP: 31/42
 66400 | Vaults:5 | Identified the +1 lajatang "Ficaunus" {flame, rCorr Int+7
                  | SInv}
 66470 | Vaults:5 | Reached skill level 8 in Long Blades
 66477 | Vaults:5 | Identified a +2 robe of resistance
 66757 | Vaults:5 | Identified the +4 demon whip of a Million Wars {freeze,
                  | rElec rPois Will-}
 66764 | Vaults:5 | Reached skill level 9 in Long Blades
 66790 | Vaults:5 | Got a silver rune of Zot
 67159 | Vaults:5 | Reached skill level 17 in Shields
 67420 | Vaults:5 | Noticed an ancient lich
 67424 | Vaults:5 | Killed an ancient lich
 67425 | Vaults:5 | Reached skill level 10 in Long Blades
 67862 | Vaults:5 | Identified the +0 ring mail "Ystrelliu" {rElec Dex+2
                  | Stlth+}
 68032 | Vaults:5 | Identified the +5 whip "Cyskuh" {venom, Will+ rCorr}
 68852 | Zot:1    | Entered Level 1 of the Realm of Zot
 69101 | Zot:1    | Reached skill level 11 in Long Blades
 69590 | Zot:1    | Reached skill level 16 in Fighting
 69984 | Zot:1    | Noticed an electric golem
 70373 | Depths:4 | Killed an electric golem
 70442 | Zot:1    | Reached skill level 18 in Shields
 70900 | Zot:1    | Found a runed translucent gate.
 70900 | Zot:1    | Found a runed translucent gate.
 70900 | Zot:1    | Found a runed translucent gate.
 70900 | Zot:1    | Found a viscous altar of Jiyva.
 70900 | Zot:1    | Noticed Kinwaexu's ghost (veteran OnBe)
 71108 | Zot:1    | Noticed Vv
 71120 | Zot:1    | Killed Vv
 71121 | Zot:1    | Reached skill level 12 in Long Blades
 71437 | Zot:1    | Noticed an electric golem
 71449 | Zot:1    | Killed an electric golem
 71902 | Zot:1    | Killed Kinwaexu's ghost
 72365 | Zot:1    | Reached skill level 23 in Summonings
 72480 | Zot:1    | Identified the +1 pair of gloves of Wrong Decisions
                  | {*Corrode rF+++ Str+4}
 72492 | Zot:1    | Identified the ring of the Neverending Gods {rCorr MP+9}
 73055 | Zot:1    | Glimpsed the power of Zot.
 73096 | Zot:2    | Reached XP level 26. HP: 164/164 MP: 2/42
 73102 | Zot:2    | Reached skill level 13 in Long Blades
 73850 | Zot:2    | Reached skill level 19 in Shields
 74456 | Zot:2    | Reached skill level 7 in Short Blades
 74933 | Zot:2    | Identified the +9 halberd of the Endless Expanse {venom,
                  | rElec rC- rN+++ Int-4}
 75096 | Zot:2    | Reached skill level 17 in Fighting
 75476 | Vaults:2 | Bought a scroll of fog for 64 gold pieces
 75476 | Vaults:2 | Bought a scroll of revelation for 120 gold pieces
 75526 | Vaults:2 | Bought a scroll of revelation for 82 gold pieces
 75526 | Vaults:2 | Bought a scroll of fog for 44 gold pieces
 75526 | Vaults:2 | Bought a scroll of noise for 11 gold pieces
 75526 | Vaults:2 | Bought a scroll of noise for 11 gold pieces
 75568 | Vaults:2 | Bought 2 scrolls of fog for 128 gold pieces
 75568 | Vaults:2 | Bought a scroll of fear for 64 gold pieces
 75568 | Vaults:2 | Bought a scroll of fog for 64 gold pieces
 75838 | Elf:2    | Bought a manual of Stealth for 1600 gold pieces
 75840 | Elf:2    | Learned a level 1 spell: Apportation
 75845 | Elf:2    | Learned a level 4 spell: Passage of Golubria
 76757 | Zot:3    | Reached skill level 8 in Short Blades
 76761 | Zot:3    | Reached skill level 6 in Stealth
 76972 | Zot:3    | Noticed a curse toe
 76991 | Zot:3    | Killed a curse toe
 77394 | Zot:3    | Reached skill level 7 in Stealth
 77395 | Zot:3    | Identified the staff of the Manifold Princes {Fly rPois
                  | rN++ Dex+2 Stlth+ Alchemy}
 77558 | Zot:3    | Reached skill level 9 in Short Blades
 77793 | Zot:3    | Noticed a curse toe
 77811 | Zot:3    | Killed a curse toe
 78275 | Zot:4    | Reached skill level 8 in Stealth
 78413 | Zot:4    | Noticed a curse toe
 78421 | Zot:4    | Killed a curse toe
 78437 | Zot:4    | Noticed a curse toe
 78438 | Zot:4    | Killed a curse toe
 78554 | Zot:4    | Reached skill level 10 in Short Blades
 78560 | Zot:4    | Reached skill level 18 in Fighting
 78565 | Zot:4    | Reached XP level 27. HP: 173/173 MP: 42/42
 79040 | Zot:4    | Reached skill level 9 in Stealth
 79447 | Zot:5    | Entered Level 5 of the Realm of Zot
 79516 | Zot:4    | Noticed Grunn
 79525 | Zot:4    | Killed Grunn
 80265 | Zot:5    | Reached skill level 24 in Summonings
 80779 | Zot:5    | Reached skill level 11 in Short Blades
 81154 | Zot:5    | Reached skill level 10 in Stealth
 82272 | Zot:5    | Noticed an orb of fire
 82277 | Zot:5    | Noticed an orb of fire
 82278 | Zot:5    | Noticed an electric golem
 82280 | Zot:5    | Noticed an orb of fire
 82282 | Zot:5    | Killed an orb of fire
 82282 | Zot:5    | Killed an electric golem
 82283 | Zot:5    | Reached skill level 11 in Stealth
 82284 | Zot:5    | Reached skill level 19 in Fighting
 82301 | Zot:5    | Noticed a dread lich
 82531 | Zot:5    | Killed an orb of fire
 82532 | Zot:5    | Reached skill level 12 in Stealth
 83353 | Zot:5    | Noticed an electric golem
 83478 | Zot:5    | Gained mutation: Your body sometimes deteriorates upon
                  | taking damage. [an orb of fire]
 83479 | Zot:5    | Gained mutation: You sometimes lose your temper in combat.
                  | [an orb of fire]
 83494 | Zot:5    | Killed an orb of fire
 83686 | Zot:5    | Lost mutation: Your body sometimes deteriorates upon taking
                  | damage. [potion of mutation]
 83686 | Zot:5    | Lost mutation: You sometimes lose your temper in combat.
                  | [potion of mutation]
 83686 | Zot:5    | Gained mutation: You occasionally lose the ability to read
                  | scrolls when taking damage. [potion of mutation]
 83687 | Zot:5    | Lost mutation: You occasionally lose the ability to read
                  | scrolls when taking damage. [potion of mutation]
 83687 | Zot:5    | Gained mutation: You do not regenerate when monsters are
                  | visible. [potion of mutation]
 83687 | Zot:5    | Gained mutation: Your body sometimes deteriorates upon
                  | taking damage. [potion of mutation]
 83687 | Zot:5    | Gained mutation: You have a somewhat thin skeletal
                  | structure. (Dex +2, Stealth+) [potion of mutation]
 83873 | Zot:5    | Noticed an orb of fire
 83879 | Zot:5    | Killed an orb of fire
 84804 | Zot:5    | Noticed a dread lich
 84814 | Zot:5    | Killed a dread lich
 85020 | Zot:5    | Killed a dread lich
 85144 | Zot:5    | Killed an electric golem
 85279 | Zot:5    | Reached skill level 13 in Stealth
 86573 | Zot:5    | Noticed a dread lich
 86579 | Zot:5    | Killed a dread lich
 86814 | Zot:5    | Reached skill level 20 in Fighting
 87735 | Zot:5    | Got the Orb of Zot
 87855 | Zot:2    | Noticed Petru the pandemonium lord
 87864 | Zot:2    | Killed Petru the pandemonium lord
 87865 | Zot:2    | Reached skill level 25 in Summonings
 87938 | Depths:4 | Reached skill level 14 in Stealth
 88192 | D:15     | Lost mutation: Your body sometimes deteriorates upon taking
                  | damage. [potion of mutation]
 88192 | D:15     | Lost mutation: You have a somewhat thin skeletal structure.
                  | (Dex +2, Stealth+) [potion of mutation]
 88192 | D:15     | Lost mutation: You do not regenerate when monsters are
                  | visible. [potion of mutation]
 88192 | D:15     | Gained mutation: You possess an exceptional clarity of
                  | mind. [potion of mutation]
 88289 | D:10     | Noticed Qeohoc the pandemonium lord
 88306 | D:9      | Reached skill level 15 in Stealth
 88390 | D:3      | Noticed Munymm the pandemonium lord
 88439 | D:2      | Noticed Pupysab the pandemonium lord
 88465 | D:2      | Killed Pupysab the pandemonium lord
 88523 | D:$      | Escaped with the Orb!

Vanquished Creatures
  An ancient lich (Vaults:5)
  4 golden dragons
  Nikola (Vaults:3)
  An electric golem (Zot:5)
  Zenata (Vaults:1)
  2 doom hounds (Zot:4)
  A Tzitzimitl (Zot:4)
  4 tentacled monstrosities
  A lich (Vaults:3)
  5 Orb Guardians (Zot:5)
  A deep elf blademaster (Elf:3)
  A walking crystal tome (Depths:2)
  3 death cobs
  2 quicksilver dragons (Zot:2)
  A deep elf master archer (Elf:3)
  An acid blob (Zot:1)
  2 shadow dragons (Vaults:5)
  Gastronok (D:9)
  3 storm dragons
  A fire giant (Vaults:5)
  A protean progenitor (Zot:2)
  An azure jelly (Zot:1)
  3 draconian knights
  7 vault wardens
  A frost giant (Depths:3)
  The ghost of Sareon the Destroyer, a journeyman DgCj (D:15)
  A deep elf sorcerer (Elf:1)
  6 draconian scorchers
  4 ghost moths
  2 ironbound preservers (Vaults:1)
  2 very ugly things
  A formless jellyfish (Vaults:3)
  3 stone giants
  2 ironbound thunderhulks (Vaults:1)
  A green draconian (Zot:3)
  2 draconian annihilators
  2 vampire knights
  A yellow draconian (Zot:2)
  2 deep elf death magi
  5 black draconians
  2 purple draconians
  2 white draconians (Zot:3)
  A deep elf demonologist (Elf:3)
  A deep elf annihilator (Elf:3)
  A spark wasp (Depths:2)
  5 red draconians
  3 ettins
  An eidolon (Vaults:2)
  4 merfolk javelineers (Shoals:4)
  3 fire dragons
  4 merfolk impalers (Shoals:4)
  A yaktaur captain (Vaults:5)
  2 ice dragons
  16 vault guards
  A juggernaut simulacrum (Depths:2)
  2 merfolk avatars (Shoals:3)
  An ironbound frostheart (Vaults:1)
  A catoblepas (Lair:1)
  A merfolk aquamancer (Shoals:4)
  10 dancing weapons
  2 anacondas (Depths:3)
  A boulder beetle (D:12)
  6 centaur warriors
  2 satyrs
  A vampire mage (D:15)
  2 death yaks (Lair:1)
  2 naga sharpshooters (Snake:3)
  A naga warrior (Snake:2)
  An occultist (Depths:1)
  A storm dragon zombie (Shoals:4)
  7 deep elf knights
  A salamander mystic (Snake:3)
  A sun demon (D:2)
  2 spectral merfolk (Shoals:4)
  5 deep trolls
  A glowing orange brain (Depths:2)
  4 sea snakes
  A sun moth (Zot:1)
  A spriggan druid (Depths:3)
  3 mana vipers
  A flayed ghost (Depths:4)
  3 ironbound convokers
  An arcanist (Vaults:1)
  3 deep elf archers
  A thermic dynamo (Elf:1)
  8 deep elf pyromancers
  5 deep elf zephyrmancers (Elf:1)
  2 spectral humans (Vaults:5)
  4 ugly things
  A faun (Shoals:1)
  2 necromancers
  2 elephants (Lair:5)
  A manticore (Shoals:4)
  A cyclops (D:13)
  5 large abominations
  11 moths of wrath
  4 vault sentinels
  A black mamba (Snake:4)
  A water nymph (shapeshifter) (Vaults:1)
  2 unseen horrors (Depths:3)
  2 cane toads (Lair:5)
  6 yaktaurs
  2 sea snake zombies
  A freezing wraith (Vaults:5)
  A komodo dragon (Lair:2)
  A polar bear (shapeshifter) (D:15)
  6 merfolk
  A dream sheep (Shoals:1)
  11 slime creatures
  A wind drake zombie (Lair:3)
  2 wraiths
  An air elemental (Elf:3)
  2 water elementals
  10 yaks
  3 vampire mosquitoes (D:13)
  4 hogs (Elf:1)
  A redback (Vaults:3)
  A steam dragon (D:10)
  2 chaos spawn (Depths:3)
  A water nymph zombie (Shoals:4)
  A human zombie (D:15)
  A nameless horror (Shoals:4)
  2 manticore zombies
  A black bear (D:7)
  A snapping turtle zombie (Shoals:4)
  4 ogres
  An orc warrior (D:10)
  3 small abominations (Depths:3)
  6 centaurs
  A lemure (D:9)
  A kobold brigand (D:12)
  A komodo dragon zombie (Lair:2)
  A scorpion (D:5)
  3 bullfrogs
  An earth elemental (Elf:3)
  A yak zombie (Lair:5)
  A bombardier beetle (D:3)
  A black bear zombie (D:9)
  2 jellies (D:6)
  3 orc priests
  4 kobold zombies
  An iguana (D:3)
  6 orc wizards
  A howler monkey zombie (D:7)
  A white imp (D:6)
  5 orc zombies
  A ribbon worm (D:2)
  26 orcs
  4 endoplasms
  A giant cockroach (D:3)
  A goblin (D:2)
  3 hobgoblins
  2 jackals (D:1)
  3 quokkas
  2 ball pythons
  4 bats
  2 frilled lizards (D:1)
  12 kobolds
  7 rats
  A rat zombie (D:10)
  An aspiring flesh (Zot:2)
434 creatures vanquished.

Vanquished Creatures (collateral kills)
  4 dread liches
  An ancient lich (Depths:1)
  4 orbs of fire (Zot:5)
  The ghost of Kinwaexu the Slayer, a veteran OnBe of Trog (Zot:1)
  Xtahua (Depths:4)
  Bai Suzhen (Shoals:4)
  6 Killer Klowns (Zot:5)
  Vv (Zot:1)
  Vashnia (Snake:3)
  2 caustic shrikes
  4 curse toes
  Norris (Vaults:1)
  9 golden dragons
  A bone dragon (Zot:3)
  A Brimstone Fiend (Depths:4)
  2 pandemonium lords
  3 electric golems
  A Hell Sentinel (Depths:4)
  10 tentacled monstrosities
  2 walking crystal tomes
  Rupert (Orc:2)
  26 Orb Guardians
  2 liches
  The ghost of ShinQuickMan the Convoker, an adept DECj of Sif Muna (Elf:3)
  A deep elf master archer (Elf:3)
  A deep elf blademaster (Elf:3)
  2 sphinxes
  Grunn (Zot:4)
  2 walking divine tomes (Depths:2)
  The ghost of occam the Fencer, an adept CoGl of Okawaru (Snake:4)
  4 quicksilver dragons
  4 titans
  3 acid blobs (Zot:1)
  Polyphemus (Shoals:3)
  An Executioner (D:12)
  The ghost of BubbleThief the Warrior, an adept BaIE of Cheibriados (Snake:4)
  7 death cobs
  5 eldritch tentacles
  The ghost of jestert79 the Warrior, an adept CoAr of Uskayaw (Snake:4)
  8 tengu reavers
  Aizul (Snake:3)
  Donald (Vaults:1)
  Kirke (Elf:1)
  An azure jelly (Zot:1)
  10 shadow dragons
  12 storm dragons
  2 nagarajas (Snake:4)
  A fenstrider witch (Shoals:3)
  3 rockslimes (Zot:1)
  6 draconian knights
  3 protean progenitors
  Ilsuiw (Shoals:3)
  7 draconian monks
  A balrug (Depths:2)
  5 draconian shifters
  4 fire giants
  5 frost giants
  12 vault wardens
  4 ghost moths
  2 draconian scorchers
  4 draconian stormcallers
  An iron dragon (Depths:2)
  6 deep elf sorcerers (Elf:3)
  Louise (Snake:1)
  A reaper (Depths:4)
  8 draconian annihilators
  11 ironbound preservers
  8 stone giants
  A demonspawn blood saint (D:9)
  2 spriggan defenders
  16 very ugly things
  The ghost of Vaxeq the Brawler, a journeyman DrSh of Gozag (D:15)
  3 ironbound thunderhulks
  3 quicksilver oozes (Zot:1)
  The ghost of CBP the Cleaver, a journeyman CoGl of Jiyva (Depths:1)
  4 deep elf death magi
  8 deep elf demonologists
  7 black draconians
  10 green draconians
  9 white draconians
  13 red draconians
  18 dire elephants
  2 formless jellyfish
  The ghost of Gryn the Covert, a journeyman KoEn of Ru (Lair:5)
  11 purple draconians
  4 vampire knights
  7 yellow draconians
  4 spark wasps (Depths:4)
  4 deep elf annihilators (Elf:3)
  2 bunyips (Depths:3)
  2 war gargoyles
  A blizzard demon (D:9)
  10 ettins
  2 entropy weavers (Vaults:3)
  Josephine (Lair:3)
  3 merfolk javelineers
  6 yaktaur captains
  9 fire dragons
  5 deep elf high priests
  4 merfolk impalers
  Harold (D:9)
  4 salamander tyrants
  2 great orbs of eyes
  5 hydras
  A peacekeeper (Vaults:2)
  A rakshasa (Depths:1)
  13 ice dragons
  3 hell beasts
  3 juggernaut simulacra
  17 vault guards
  8 catoblepae
  Erolcha (D:9)
  10 centaur warriors
  3 merfolk avatars
  4 spriggan air magi
  2 alligator snapping turtles
  6 death yaks
  3 merfolk aquamancers
  A two-headed ogre (shapeshifter) (Depths:2)
  A satyr (Shoals:3)
  11 anacondas
  10 dancing weapons
  9 ogre magi
  4 boulder beetles
  2 tengu warriors (Depths:3)
  9 deep troll earth magi
  11 deep troll shamans
  18 two-headed ogres
  10 naga warriors
  5 ironbound frosthearts
  2 vampire magi (Depths:1)
  2 hell hogs (Depths:3)
  3 occultists
  Urug (D:11)
  10 hell knights
  Sonja (D:12)
  A sphinx skeleton (D:15)
  2 orc high priests (Orc:1)
  7 deep elf knights
  15 naga sharpshooters
  5 spriggan berserkers
  Nergalle (D:11)
  4 salamander mystics
  10 shock serpents
  10 skysharks
  6 sun demons
  A titan skeleton (Depths:2)
  Amaemon (Lair:3)
  A shadow wraith (Vaults:4)
  2 skeletal warriors (D:15)
  12 sea snakes
  A storm dragon skeleton (D:15)
  8 iron trolls
  3 spriggan druids
  A deep troll (shapeshifter) (Depths:2)
  5 naga ritualists
  A sun moth (Zot:1)
  11 mana vipers
  A sun moth (shapeshifter) (Vaults:4)
  A mana viper (shapeshifter) (Vaults:5)
  7 deep elf archers
  2 glowing orange brains (Zot:1)
  37 deep trolls
  An orange crystal statue (Zot:5)
  7 arcanists
  A harpy (shapeshifter) (Elf:1)
  10 lindwurms
  6 phantasmal warriors
  Pikel (D:9)
  15 deep elf pyromancers
  27 deep elf zephyrmancers
  19 ironbound convokers
  7 orc knights
  15 harpies
  8 necromancers
  An eye of devastation (shapeshifter) (Vaults:5)
  4 orc sorcerers
  32 ugly things
  8 cyclopes
  3 large abominations
  13 manticores
  8 elephants (Lair:5)
  9 fauns
  16 moths of wrath
  15 salamanders
  4 kobold blastminers (Orc:2)
  Joseph (D:11)
  5 water nymphs
  A water nymph (shapeshifter) (Vaults:5)
  33 black mambas
  4 guardian serpents
  5 merfolk sirens
  16 cane toads
  13 vault sentinels
  A gargoyle (D:10)
  12 naga magi
  3 efreet
  An eye of devastation (Zot:1)
  A rime drake (Lair:5)
  A hellion (Depths:4)
  An orange demon (Lair:3)
  5 kobold demonologists
  4 freezing wraiths
  8 komodo dragons
  7 unseen horrors
  2 ice devils (Lair:5)
  3 tormentors
  Psyche (D:11)
  A komodo dragon (shapeshifter) (Depths:2)
  29 yaktaurs
  A queen bee (shapeshifter) (Elf:1)
  11 trolls
  A hellwing (D:15)
  25 merfolk
  2 polar bears
  10 wind drakes
  Prince Ribbit (D:6)
  14 blink frogs
  A hornet (Vaults:5)
  3 dream sheep (Shoals:1)
  A glass eye (Depths:2)
  2 spriggan zombies
  23 slime creatures
  11 snapping turtles
  A spriggan (shapeshifter) (Depths:4)
  A jumping spider (Vaults:3)
  32 yaks
  A shadow (D:11)
  11 water elementals
  4 air elementals
  A yak (shapeshifter) (Vaults:5)
  5 wyverns
  A vampire (D:14)
  A ynoxinul (D:3)
  5 basilisks
  6 wraiths
  3 hogs (Elf:1)
  2 fire elementals
  5 nameless horrors
  2 redbacks (Vaults:3)
  7 vampire mosquitoes (D:13)
  3 wargs
  2 chaos spawn
  40 nagas
  18 water moccasins
  3 hell hounds (Zot:5)
  An acid dragon (D:13)
  A glowing shapeshifter skeleton (Depths:2)
  A sky beast (shapeshifter) (Depths:2)
  A sky beast (D:6)
  9 black bears
  A black bear (shapeshifter) (Vaults:5)
  24 orc warriors
  8 wolves
  2 laughing skulls (D:14)
  28 ogres
  7 centaurs
  A lemure (D:9)
  9 kobold brigands
  2 elf zombies (Elf:1)
  9 bullfrogs
  A gnoll sergeant (D:13)
  2 scorpions
  An earth elemental (Elf:1)
  3 wights (D:8)
  An elephant simulacrum (IceCv)
  7 howler monkeys
  A bombardier beetle (D:4)
  4 electric eels (Lair:4)
  A hound (D:5)
  25 orc priests
  2 sleepcaps (D:5)
  2 iguanas
  28 orc wizards
  A polar bear simulacrum (IceCv)
  2 wolf simulacra (IceCv)
  6 adders
  A white imp (D:5)
  A dart slug (D:3)
  90 orcs
  2 ball pythons
  3 endoplasms (D:4)
  A giant cockroach (D:1)
  3 hobgoblins
  4 jackals (D:1)
  29 kobolds
  A quokka (D:2)
  2 frilled lizards (D:1)
  A goblin (D:2)
  A kobold zombie (D:10)
  An orc zombie (D:10)
  2 rats
  4 aspiring fleshes
  A butterfly (Lair:4)
1764 creatures vanquished.

Vanquished Creatures (others)
  A golden dragon (Depths:2)
  56 eldritch tentacles
  2 draconian shifters
  A caustic shrike zombie (Depths:3)
  7 spectral tentacled monstrosities
  A draconian stormcaller (Zot:2)
  2 rockslime zombies (Zot:1)
  4 Killer Klown zombies (Zot:5)
  Nessos (D:15)
  A black draconian (Zot:4)
  A red draconian (Zot:1)
  7 very ugly thing zombies (Depths:2)
  An acid blob zombie (Zot:1)
  A quicksilver dragon zombie (Zot:5)
  A salamander tyrant (Snake:4)
  10 Orb Guardian zombies (Zot:5)
  A spectral protean progenitor (Zot:1)
  A two-headed ogre (Orc:2)
  A guardian serpent zombie (Snake:3)
  An azure jelly zombie (Zot:1)
  A titan zombie (Vaults:5)
  2 quicksilver ooze zombies (Zot:1)
  A deep elf knight (Elf:2)
  6 storm dragon zombies
  A bunyip zombie (Depths:3)
  A spectral hydra (Lair:2)
  5 golden dragon zombies
  A deep elf archer (Elf:3)
  A spark wasp zombie (Depths:4)
  5 anaconda zombies
  2 spectral humans (Vaults:5)
  5 ghost moth zombies
  5 shadow dragon zombies
  9 tengu zombies
  A lindwurm (Vaults:2)
  A spectral elf (Lair:5)
  An iron dragon zombie (Depths:2)
  3 deep elf pyromancers
  4 stone giant zombies
  2 hell hog zombies (Depths:3)
  11 ugly thing zombies
  17 draconian zombies
  A moth of wrath (Zot:2)
  3 frost giant zombies
  3 fire giant zombies
  5 dire elephant zombies
  6 shock serpent zombies
  A spectral sun demon (D:2)
  A black mamba (Snake:4)
  A formless jellyfish zombie (Shoals:3)
  A spectral rakshasa (Depths:1)
  A spectral two-headed ogre (D:10)
  4 mana viper zombies
  A vault sentinel (Vaults:3)
  4 purple draconian zombies
  4 green draconian zombies
  6 black draconian zombies
  6 red draconian zombies
  3 white draconian zombies
  3 yellow draconian zombies
  5 sea snake zombies
  A rime drake (Lair:5)
  2 redback zombies (Vaults:3)
  2 catoblepas zombies
  3 unseen horror zombies
  A death yak zombie (Lair:1)
  5 iron troll zombies
  2 hydra zombies
  A great orb of eyes zombie (Vaults:2)
  7 harpy zombies
  A sun moth zombie (Zot:1)
  16 moth of wrath zombies
  7 ettin zombies
  6 ice dragon zombies
  7 fire dragon zombies
  A boulder beetle zombie (Vaults:4)
  A jumping spider zombie (Vaults:3)
  15 black mamba zombies
  6 slime creature zombies
  7 spriggan zombies
  2 spectral hell beasts
  44 elf zombies
  A spectral ice devil (Lair:5)
  A faun zombie (Shoals:3)
  A spectral hellion (Depths:4)
  14 merfolk zombies
  A water nymph zombie (Vaults:5)
  4 two-headed ogre zombies
  9 cane toad zombies
  39 human zombies
  20 deep troll zombies
  3 skyshark zombies
  A hornet zombie (Vaults:5)
  4 lindwurm zombies
  2 blink frog zombies (Lair:2)
  3 elephant zombies (Lair:5)
  A manticore zombie (Shoals:4)
  3 hog zombies (Elf:1)
  A rime drake zombie (Lair:5)
  5 komodo dragon zombies
  8 salamander zombies
  A spectral chaos spawn (Depths:3)
  13 yaktaur zombies
  2 wyvern zombies
  5 water moccasin zombies
  33 naga zombies
  A polar bear zombie (Lair:4)
  13 yak zombies
  2 troll zombies
  3 wolf zombies
  12 centaur zombies
  4 bullfrog zombies
  A basilisk zombie (Lair:3)
  3 black bear zombies
  A scorpion zombie (D:9)
  14 ogre zombies
  A sky beast zombie (Depths:2)
  A steam dragon zombie (D:10)
  An adder zombie (D:6)
  2 bat zombies
  2 ball python zombies
  2 endoplasm zombies (D:4)
  A giant cockroach zombie (D:3)
  A hobgoblin zombie (D:3)
  17 kobold zombies
  71 orc zombies
  3 ball lightnings (Zot:2)
  19 blazeheart cores
  46 snaplasher vines
778 creatures vanquished.

Grand Total: 2976 creatures vanquished

Table legend: (Time is in decaauts)
 A = Elapsed time spent in this place.
 B = Non-inter-level travel time spent in this place.
 C = Inter-level travel time spent in this place.
 D = Time resting spent in this place.
 E = Time spent auto-exploring this place.
 F = Levels seen in this place.
 G = Mean time per level.
                   A        B        C        D        E       F      G
               +--------+--------+--------+--------+--------+-----+--------+
         Total | 117836 | 106264 |  11572 |  37394 |  39005 |  50 | 2356.7 |
       Dungeon |  21948 |  17990 |   3958 |   2755 |   9863 |  15 | 1463.2 |
          Lair |   7711 |   6952 |    759 |   1635 |   3238 |   5 | 1542.2 |
        Shoals |   6781 |   6124 |    657 |    405 |   3568 |   4 | 1695.2 |
     Snake Pit |   9029 |   8804 |    225 |   3492 |   2886 |   4 | 2257.2 |
  Orcish Mines |   2720 |   2303 |    417 |   1157 |    348 |   2 | 1360.0 |
   Elven Halls |   8318 |   7472 |    846 |   2832 |   2248 |   3 | 2772.7 |
        Vaults |  17624 |  15100 |   2524 |   3520 |   7697 |   5 | 3524.8 |
        Depths |  16977 |  15375 |   1602 |   6196 |   5143 |   4 | 4244.2 |
           Zot |  25110 |  24530 |    580 |  14356 |   3976 |   5 | 5022.0 |
        Bazaar |    118 |    118 |      0 |      0 |     21 |   1 |  118.0 |
         Trove |    197 |    197 |      0 |      0 |     13 |   1 |  197.0 |
      Ice Cave |   1297 |   1297 |      0 |   1043 |      0 |   1 | 1297.0 |
               +--------+--------+--------+--------+--------+-----+--------+

Top non-repeatable levels by time:
   Zot:5: 10151 daAuts
   Zot:1: 5698 daAuts
Depths:2: 5571 daAuts
Depths:4: 4999 daAuts
Vaults:5: 4463 daAuts
Vaults:3: 4238 daAuts
   Zot:4: 4096 daAuts
Vaults:1: 3514 daAuts
 Snake:4: 3445 daAuts
   Elf:1: 3377 daAuts
Depths:3: 3292 daAuts
   Elf:3: 3223 daAuts
Depths:1: 3114 daAuts
   Zot:2: 2843 daAuts
Vaults:4: 2792 daAuts

Table legend:
 A = Non-vault XP
 B = Vault XP
 C = Vault XP percentage of total XP
 D = Non-vault monster count
 E = Vault monster count
 F = Vault count percentage of total count
                 A         B        C        D         E       F
            +---------+---------+-------+---------+---------+-------
      Total |  694539 |  672041 |  49.2 |    1343 |     792 |  37.1
            +---------+---------+-------+---------+---------+-------
        D:1 |      47 |       0 |   0.0 |      32 |       0 |   0.0
        D:2 |      25 |      15 |  37.5 |       9 |       7 |  43.8
        D:3 |     136 |       0 |   0.0 |      19 |       0 |   0.0
        D:4 |     374 |       0 |   0.0 |      27 |       0 |   0.0
        D:5 |     479 |       0 |   0.0 |      17 |       0 |   0.0
        D:6 |     895 |     283 |  24.0 |      28 |       1 |   3.4
        D:7 |     970 |       0 |   0.0 |      23 |       0 |   0.0
        D:8 |    1178 |       0 |   0.0 |      35 |       0 |   0.0
        D:9 |    1755 |    4707 |  72.8 |      19 |      13 |  40.6
       D:10 |    1657 |    1263 |  43.3 |      28 |      22 |  44.0
       D:11 |    4186 |    5079 |  54.8 |      25 |       8 |  24.2
       D:12 |    6833 |    1715 |  20.1 |      25 |       5 |  16.7
       D:13 |    6283 |    6051 |  49.1 |      17 |      13 |  43.3
       D:14 |    8520 |       0 |   0.0 |      18 |       0 |   0.0
       D:15 |    2857 |    7867 |  73.4 |       9 |      10 |  52.6
     Lair:1 |    4950 |    3246 |  39.6 |      18 |       6 |  25.0
     Lair:2 |    5696 |    6879 |  54.7 |      22 |      26 |  54.2
     Lair:3 |    4218 |    3715 |  46.8 |      15 |       9 |  37.5
     Lair:4 |    1924 |    3079 |  61.5 |       6 |      14 |  70.0
     Lair:5 |   13342 |    9847 |  42.5 |      35 |      21 |  37.5
   Shoals:1 |   19468 |     333 |   1.7 |      40 |       1 |   2.4
   Shoals:2 |   15883 |       0 |   0.0 |      34 |       0 |   0.0
   Shoals:3 |   19837 |    8441 |  29.9 |      38 |      10 |  20.8
   Shoals:4 |    2292 |   23621 |  91.2 |       4 |      36 |  90.0
    Snake:1 |   14506 |    4047 |  21.8 |      29 |      10 |  25.6
    Snake:2 |   19091 |    4197 |  18.0 |      37 |       6 |  14.0
    Snake:3 |   20287 |    8252 |  28.9 |      42 |       7 |  14.3
    Snake:4 |   10606 |   30371 |  74.1 |      21 |      39 |  65.0
      Orc:1 |    6740 |     832 |  11.0 |      51 |       1 |   1.9
      Orc:2 |    6541 |   16259 |  71.3 |      42 |      39 |  48.1
      Elf:1 |   31093 |   21429 |  40.8 |      51 |      40 |  44.0
      Elf:2 |   14140 |    4151 |  22.7 |      24 |       5 |  17.2
      Elf:3 |    9231 |   30575 |  76.8 |      17 |      26 |  60.5
   Vaults:1 |   26382 |   24714 |  48.4 |      38 |      30 |  44.1
   Vaults:2 |   21715 |   21097 |  49.3 |      32 |      30 |  48.4
   Vaults:3 |   36293 |   18610 |  33.9 |      53 |      22 |  29.3
   Vaults:4 |    6824 |   21663 |  76.0 |      12 |      34 |  73.9
   Vaults:5 |   14777 |   84852 |  85.2 |      29 |      80 |  73.4
   Depths:1 |   25197 |   15915 |  38.7 |      32 |      12 |  27.3
   Depths:2 |   29758 |   42911 |  59.0 |      35 |      39 |  52.7
   Depths:3 |   19619 |   26708 |  57.7 |      20 |      38 |  65.5
   Depths:4 |   56604 |   19329 |  25.5 |      64 |      15 |  19.0
      Zot:1 |   56677 |   27543 |  32.7 |      50 |      19 |  27.5
      Zot:2 |   43424 |   19199 |  30.7 |      37 |      16 |  30.2
      Zot:3 |   29061 |   34410 |  54.2 |      23 |      31 |  57.4
      Zot:4 |   41792 |    5749 |  12.1 |      38 |       3 |   7.3
      Zot:5 |   30376 |  102455 |  77.1 |      23 |      43 |  65.2
      IceCv |       0 |     632 | 100.0 |       0 |       5 | 100.0
            +---------+---------+-------+---------+---------+-------
